 Dungeon Sprint DCSS version 0.21-a0-94-gdd6ab6a (webtiles) character file.

1017 Kidiri the Thaumaturge (level 8, -4/49 HPs)
             Began as a Deep Elf Fire Elementalist on July 2, 2017.
             Was a Believer of Vehumet.
             Slain by a shadow (8 damage)
             ... in the Dungeon (Sprint III: "The Ten Rune Challenge").
             The game lasted 00:04:13 (886 turns).

Kidiri the Thaumaturge (Deep Elf Fire Elementalist)  Turns: 886, Time: 00:04:14

Health: -4/49      AC:  2    Str:  5    XL:     8   Next: 1%
Magic:  17/28      EV: 17    Int: 25    God:    Vehumet [**....]
Gold:   31         SH:  0    Dex: 15    Spells: 12/31 levels left

rFire    . . .     SeeInvis .   b - +0 dagger
rCold    . . .     Gourm    .   (no shield)
rNeg     . . .     Faith    .   a - +0 robe
rPois    .         Spirit   .   (no helmet)
rElec    .         Reflect  .   (no cloak)
rCorr    .         Harm     .   (no gloves)
MR       .....     NoTele   +   (no boots)
Stlth    ++........             (no amulet)
HPRegen  0.16/turn              (no ring)
MPRegen  0.21/turn              (no ring)

@: no status effects
A: clever 1, high mp 1
a: Renounce Religion


You were in the Dungeon.
You worshipped Vehumet.
Vehumet was pleased with you.
You were not hungry.

You visited 1 branch You collected 31 gold pieces.

Inventory:

Hand Weapons
 b - a +0 dagger (weapon)
Armour
 a - a +0 robe (worn)
Scrolls
 i - a scroll of blinking
 j - 4 scrolls of remove curse
 k - a scroll of torment {unknown}
 p - a scroll of holy word {unknown}
Potions
 f - a potion of haste
 g - 3 potions of magic
 h - 3 potions of berserk rage
 n - 2 potions of might
 o - 2 potions of invisibility
Comestibles
 c - a bread ration
 l - 10 chunks of flesh
 m - 4 fruits
 q - a royal jelly


   Skills:
 + Level 5.1 Fighting
 + Level 4.4 Short Blades
 + Level 7.9 Dodging
 - Level 2.4 Stealth
 + Level 5.2 Unarmed Combat
 * Level 12.0 Spellcasting
 + Level 6.9 Conjurations
 + Level 7.7 Fire Magic
 + Level 1.0 Air Magic


You had 12 spell levels left.
You knew the following spells:

 Your Spells              Type           Power        Failure   Level  Hunger
a - Flame Tongue          Conj/Fire      #####        1%          1    None
b - Throw Flame           Conj/Fire      ######       1%          2    None
c - Conjure Flame         Conj/Fire      ######..     1%          3    None
d - Inner Flame           Hex/Fire       ####....     2%          3    None
e - Sticky Flame          Conj/Fire      ######..     1%          4    None
f - Fireball              Conj/Fire      ######....   5%          5    ###....
g - Shock                 Conj/Air       ####         1%          1    None


Dungeon Overview and Level Annotations

Branches:
Dungeon (1/1)

Altars:
Dithmenos
Elyvilon
Kikubaaqudgha
Okawaru
Ru
Sif Muna
Trog
Uskayaw
Vehumet
Wu Jian
Yredelemnul
Zin
The Shining One
Beogh


Innate Abilities, Weirdness & Mutations

Your mind is acute. (Int +2)
You have an increased reservoir of magic. (+10% MP)


Message History

You feel better. The shadow hits you!
* * * LOW HITPOINT WARNING * * *
Casting: Flame Tongue
Confirm with . or Enter, or press ? or * to list all spells.
Aiming: Flame Tongue
Press: ? - help, Shift-Dir - straight line, f - shadow
Aim: a shadow (severely damaged)
The flame tongue hits the shadow.
The shadow is severely damaged.
The shadow hits you!
* * * LOW HITPOINT WARNING * * *
Casting: Flame Tongue
Confirm with . or Enter, or press ? or * to list all spells.
Aiming: Flame Tongue
Press: ? - help, Shift-Dir - straight line, f/p - shadow
Aim: a shadow (severely damaged)
The flame tongue hits the shadow.
The shadow is almost destroyed.
The shadow hits you!
You die...

▓▓▓ ###
##.############
..#####..#___#___#__#
.).#..#..#.).#__.#[_#
...#..#..###+#+###+##
#..##+#..#...%......#
#..###...'.⌠....@W..#
..####...#...######'#
..###....#.⌠.# #...#
..##.....#...# #...#
..#......#+### #...#
##.#.....#.[:# #..%+
#####....#___# +...#
▓ ▓▓▓▓▓▓▓▓▓▓ ▓▓▓▓▓


You could see a shadow.

Vanquished Creatures
  A deep elf mage (D)
  A necrophage (D)
  A water elemental (D)
  A scorpion (D)
  A wizard (D)
  A jelly (D)
  Jessica (D)
  A necromancer (D)
  3 humans (D)
  A kobold demonologist (D)
  An ooze (D)
  2 rats (D)
15 creatures vanquished.

Vanquished Creatures (others)
  2 draconian scorchers (D)
  6 hellions (D)
  A yaktaur (D)
  5 plants (D)
14 creatures vanquished.

Grand Total: 29 creatures vanquished

Notes
Turn   | Place    | Note
-------+----------+-------------------------------------------
     0 | D        | Kidiri the Deep Elf Fire Elementalist began the quest for the Orb.
     0 | D        | Reached XP level 1. HP: 10/10 MP: 6/6
    39 | D        | Reached skill level 1 in Unarmed Combat
    39 | D        | Reached skill level 4 in Spellcasting
    55 | D        | Noticed Jessica
    58 | D        | Killed Jessica
    58 | D        | Reached skill level 1 in Fighting
    58 | D        | Reached skill level 5 in Spellcasting
    58 | D        | Reached XP level 2. HP: 16/16 MP: 6/10
    58 | D        | Reached XP level 3. HP: 20/20 MP: 6/11
    61 | D        | Killed a yaktaur
    62 | D        | Learned a level 2 spell: Throw Flame
    66 | D        | Learned a level 3 spell: Conjure Flame
    70 | D        | Learned a level 3 spell: Inner Flame
    89 | D        | Killed a hellion
    89 | D        | Killed a hellion
    91 | D        | Killed a hellion
    99 | D        | Killed a hellion
   142 | D        | Killed a white draconian scorcher
   266 | D        | Noticed a scorpion
   272 | D        | Killed a scorpion
   272 | D        | Reached skill level 6 in Spellcasting
   272 | D        | Reached XP level 4. HP: 22/27 MP: 7/14
   278 | D        | Learned a level 4 spell: Sticky Flame
   297 | D        | Gained mutation: You are dopey. (Int -2) [potion of mutation]
   297 | D        | Gained mutation: Your flesh is heat resistant. (rF+) [potion of mutation]
   298 | D        | Lost mutation: Your flesh is heat resistant. (rF+) [potion of mutation]
   298 | D        | Lost mutation: You are dopey. (Int -2) [potion of mutation]
   298 | D        | Gained mutation: You have a pair of small horns on your head. [potion of mutation]
   298 | D        | Gained mutation: Your flesh is heat resistant. (rF+) [potion of mutation]
   299 | D        | Lost mutation: Your flesh is heat resistant. (rF+) [potion of mutation]
   299 | D        | Lost mutation: You have a pair of small horns on your head. [potion of mutation]
   299 | D        | Gained mutation: You have an increased reservoir of magic. (+10% MP) [potion of mutation]
   299 | D        | Gained mutation: Your mind is acute. (Int +2) [potion of mutation]
   310 | D        | Killed a hellion
   326 | D        | Killed a white draconian scorcher
   331 | D        | Noticed a water elemental
   335 | D        | Killed a water elemental
   335 | D        | Reached skill level 5 in Dodging
   335 | D        | Reached skill level 7 in Spellcasting
   335 | D        | Reached skill level 5 in Fire Magic
   335 | D        | Reached XP level 5. HP: 11/32 MP: 12/18
   404 | D        | Killed a hellion
   547 | D        | Learned a level 5 spell: Fireball
   547 | D        | Found a radiant altar of Vehumet.
   548 | D        | Found a deep blue altar of Sif Muna.
   548 | D        | Found an ancient bone altar of Kikubaaqudgha.
   550 | D        | Reached skill level 8 in Spellcasting
   564 | D        | Became a worshipper of Vehumet
   643 | D        | Found a glowing silver altar of Zin.
   644 | D        | Found a glowing golden altar of the Shining One.
   644 | D        | Found a white marble altar of Elyvilon.
   644 | D        | Noticed a deep elf mage
   650 | D        | Noticed a chaos spawn
   650 | D        | Killed a deep elf mage
   650 | D        | Reached skill level 10 in Spellcasting
   650 | D        | Reached XP level 6. HP: 35/39 MP: 8/23
   650 | D        | Reached XP level 7. HP: 39/44 MP: 8/25
   743 | D        | Found an ornate altar of the Wu Jian Council.
   743 | D        | Found a roughly hewn altar of Beogh.
   743 | D        | Found an iron altar of Okawaru.
   743 | D        | Found a bloodstained altar of Trog.
   743 | D        | Found a hide-covered altar of Uskayaw.
   743 | D        | Noticed a human
   745 | D        | Killed a human
   745 | D        | Reached skill level 11 in Spellcasting
   746 | D        | Noticed a human
   746 | D        | Killed a human
   746 | D        | Reached * piety under Vehumet
   746 | D        | Offered knowledge of Shock by Vehumet.
   746 | D        | Reached skill level 5 in Fighting
   746 | D        | Reached skill level 5 in Unarmed Combat
   749 | D        | Learned a level 1 spell: Shock
   804 | D        | Found a basalt altar of Yredelemnul.
   804 | D        | Found a shadowy altar of Dithmenos.
   804 | D        | Found a sacrificial altar of Ru.
   814 | D        | Reached skill level 12 in Spellcasting
   871 | D        | Offered knowledge of Freeze by Vehumet.
   871 | D        | Reached ** piety under Vehumet
   871 | D        | Reached skill level 1 in Air Magic
   871 | D        | Reached XP level 8. HP: 49/49 MP: 23/28
   886 | D        | Slain by a shadow

Vault maps used:
D:        dungeon_sprint_mu

Skill      XL: |  1  2  3  4  5  6  7 |
---------------+----------------------+-----
Unarmed Combat | 1 2 3 4 5 |  5.2
Spellcasting   | 5 6 7 10 12 | 12.0
Fighting       | 1 2 3 4 5 |  5.1
Dodging        | 3 4 5 7 |  7.9
Conjurations   | 2 3 4 6 |  6.9
Fire Magic     | 4 5 7 |  7.7
Short Blades   | 3 4 |  4.4
Air Magic      | 1 |  1.0
Stealth        | |  2.4

Action                   |  1- 3 |  4- 6 |  7- 9 || total
-------------------------+-------+-------+-------++-------
Melee: Unarmed           |       |     1 |       ||     1
 Cast: Flame Tongue      |    23 |     6 |    15 ||    44
       Throw Flame       |     1 |       |     1 ||     2
       Conjure Flame     |       |     1 |       ||     1
       Sticky Flame      |       |     3 |     3 ||     6
       Fireball          |       |     1 |     2 ||     3
  Use: Potion            |     1 |     3 |     1 ||     5
       Scroll            |       |     2 |       ||     2
  Eat: Chunk             |       |       |     1 ||     1
Dodge: Dodged            |     9 |     2 |     3 ||    14
